 Dungeon Sprint DCSS version 0.27-a0-1416-g941b2bd30b (webtiles) character file.

Game seed: 12356303805914271656

38171 mhtbhm the Archmage (level 13, -7/63 HPs)
             Began as a Deep Elf Earth Elementalist on July 1, 2021.
             Was the Champion of Vehumet.
             Mangled by a six-headed hydra (12 damage)
             ... in the Dungeon (Sprint IX: "|||||||||||||||||||||||||||||").
             The game lasted 00:14:11 (6532 turns).

mhtbhm the Archmage (Deep Elf Earth Elementalist)   Turns: 6532, Time: 00:14:11

Health: -7/63      AC: 10    Str:  5    XL:     13   Next: 62%
Magic:  26/46      EV: 16    Int: 29    God:    Vehumet [******]
Gold:   387        SH:  0    Dex: 15    Spells: 14/66 levels left

rFire    + + .     SeeInvis .   G - +6 lajatang of the Evil Eye {pain, rElec rF+ rCorr}
rCold    . . .     Faith    .   (shield currently unavailable)
rNeg     . . .     Spirit   .   b - +0 steam dragon scales
rPois    .         Reflect  .   (no helmet)
rElec    +         Harm     .   n - +0 cloak
rCorr    +         Rampage  .   w - +0 pair of gloves of Least Resistance {rF+ Stlth+}
Will     +....     NoTele   +   m - +0 pair of boots
Stlth    ++++......             (no amulet)
HPRegen  0.20/turn              o - +3 ring of intelligence
MPRegen  0.30/turn              p - +2 ring of protection

@: no status effects
A: no striking features
a: Renounce Religion


You were in the Dungeon.
You worshipped Vehumet.
Vehumet was exalted by your worship.
You visited 1 branch You collected 1908 gold pieces.
You spent 1521 gold pieces at shops.

Inventory:

Hand Weapons
 G - the +6 lajatang of the Evil Eye (weapon) {pain, rElec rF+ rCorr}
   (You found it in the Dungeon)

   In the hands of one skilled in necromantic magic, it inflicts extra damage on
   living creatures.
   rF:        It protects you from fire.
   rElec:     It insulates you from electricity.
   rCorr:     It protects you from acid and corrosion.
Missiles
 h - 3 throwing nets (quivered)
 i - 42 stones
Armour
 b - +0 steam dragon scales (worn)
 m - a +0 pair of boots (worn)
 n - a +0 cloak (worn)
 v - a +0 pair of gloves
 w - the +0 pair of gloves of Least Resistance (worn) {rF+ Stlth+}
   (You bought it in a shop in the Dungeon)

   rF:        It protects you from fire.
   Stlth:     It makes you more stealthy.
Jewellery
 o - a +3 ring of intelligence (left hand)
 p - a +2 ring of protection (right hand)
 C - a ring of protection from fire
 D - a ring of protection from cold
 F - a ring of see invisible
Wands
 k - a wand of acid (1)
Scrolls
 j - 2 scrolls of amnesia
 s - 5 scrolls of fear
 t - 7 scrolls of enchant weapon
 u - 2 scrolls of identify
 x - a scroll of acquirement
 y - 3 scrolls of fog
 z - a scroll of holy word
 A - a scroll of summoning
 B - a scroll of enchant armour
Potions
 a - a potion of invisibility
 c - 6 potions of curing
 d - a potion of heal wounds
 e - 2 potions of haste
 f - 4 potions of magic
 g - 3 potions of berserk rage
 l - 3 potions of mutation
 q - 2 potions of brilliance
 r - a potion of might


   Skills:
 + Level 0.8 Polearms
 + Level 8.7 Dodging
 - Level 4.2 Stealth
 O Level 27 Spellcasting
 + Level 4.8 Conjurations
 + Level 7.9 Transmutations
 * Level 2.6 Fire Magic
 - Level 25.4 Earth Magic
 + Level 4.8 Evocations


You had 14 spell levels left.
You knew the following spells:

 Your Spells              Type           Power      Damage    Failure   Level
a - Sandblast             Erth           100%       2d20      0%          1
b - Passwall              Tmut/Erth      78%        N/A       0%          2
c - Stone Arrow           Conj/Erth      100%       3d13      0%          3
d - Lee's Rapid Deconstr  Erth           56%        3d27*     0%          5
e - Petrify               Tmut/Erth      94%        N/A       0%          4
f - Bolt of Magma         Conj/Fire/Erth 40%        4d17      1%          5
g - Iron Shot             Conj/Erth      45%        9d9       1%          6
h - Swiftness             Air            39%        N/A       1%          3
i - Invisibility          Hex            19%        N/A       69%         6
j - Ignition              Fire           26%        3d9       96%         8
k - Fire Storm            Conj/Fire      28%        8d7       100%        9

Your spell library contained the following spells:

 Spells                   Type           Power      Damage    Failure   Level
 Chain Lightning          Conj/Air       26%        3d34      100%        9


Dungeon Overview and Level Annotations

Branches:
Dungeon (1/1)

Altars:
Cheibriados
Dithmenos
Elyvilon
Fedhas
Gozag
Hepliaklqana
Kikubaaqudgha
Makhleb
Nemelex Xobeh
Okawaru
Qazlal
Ru
Sif Muna
Trog
Uskayaw
Vehumet
Wu Jian
Xom
Yredelemnul
Zin
The Shining One
Beogh
Jiyva
Lugonu

Shops:
D [:?:


Message History

The ghost crab breathes spectral mist at you.
The spectral mist engulfs the will-o-the-wisp but does no damage.
The will-o-the-wisp is engulfed in spectral mist.
Unknown command.
Unknown command.
Casting: Petrify (safe; 0% risk of failure)
Confirm with . or Enter, or press ? or * to list all spells.
Aiming: Petrify (safe; 0% risk of failure)
Press: ? - help, Shift-Dir - straight line, f/p - six-headed hydra
Aim: a six-headed hydra (spectral mist, moderately wounded, chance to affect: 56%)
The six-headed hydra resists with significant effort.
You are engulfed in spectral mist.
The six-headed hydra is engulfed in spectral mist.
The six-headed hydra bites you!
The six-headed hydra bites you but does no damage.
The six-headed hydra closely misses you.
The six-headed hydra completely misses you.
The six-headed hydra bites you. The six-headed hydra bites you!
The will-o-the-wisp is engulfed in spectral mist.
The will-o-the-wisp gestures.
The will-o-the-wisp conjures some foxfire! 2 foxfires come into view.
Unknown command.
Casting: Petrify (safe; 0% risk of failure)
Confirm with . or Enter, or press ? or * to list all spells.
Aiming: Petrify (safe; 0% risk of failure)
Press: ? - help, Shift-Dir - straight line, f/p - six-headed hydra
Aim: a six-headed hydra (spectral mist, heavily wounded, chance to affect: 56%)
The six-headed hydra is moving more slowly.
You are engulfed in spectral mist.
The foxfire is engulfed in spectral mist. x8
The six-headed hydra is engulfed in spectral mist.
The six-headed hydra bites you!
* * * LOW HITPOINT WARNING * * *
The six-headed hydra closely misses you.
The six-headed hydra bites you!
* * * LOW HITPOINT WARNING * * *
The six-headed hydra bites you but does no damage.
The six-headed hydra bites you!
You die...

_▓.▓.▓.▓)▓.▓[▓.▓'▓
_▓.▓.▓.▓)▓.▓[▓.▓☼▓
_▓.▓.▓.▓)▓.▓[▓.▓°▓
_▓.▓.▓.▓)▓.▓[▓.▓Z▓
_▓.▓.▓.▓.▓.▓[▓.▓○▓
_▓.▓÷▓.▓)▓.▓[▓.▓§▓
_▓.▓'▓.▓.▓.▓[▓.▓☼▓
_▓.▓.▓.▓)▓.▓.▓.▓Z▓
_▓.▓.▓.▓.▓.▓.▓.▓@▓
_▓.▓.▓.▓.▓.▓.▓.▓D▓
_▓.▓.▓.▓.▓.▓.▓.♣t♣
_▓.▓.▓.▓.▓.▓.▓.♣v♣
_▓.▓.▓.▓.▓.▓.▓.♣v♣
_▓.▓.▓.▓.▓.▓.▓.♣v♣
_▓.▓.▓.▓)▓.▓.▓.♣t♣
_▓.▓†▓.▓)▓.▓.▓.♣t♣
'▓.▓†▓.▓)▓.▓.▓.♣☼♣


You could see an alligator, a six-headed hydra (petrifying), 2 ghost crabs, a
spectral bat (summoned), a spectral ball python (summoned) and a
will-o-the-wisp.

Vanquished Creatures
  A nagaraja (D)
  Aizul (D)
  2 very ugly things (D)
  2 fire dragons (D)
  An ice dragon (D)
  A merfolk avatar (D)
  2 rakshasas (D)
  7 hydras (D)
  2 boulder beetles (D)
  A merfolk aquamancer (D)
  2 anacondas (D)
  An alligator snapping turtle (D)
  A tengu warrior (D)
  A death yak (D)
  8 orc high priests (D)
  A shock serpent (D)
  A naga ritualist (D)
  A mana viper (D)
  9 orc knights (D)
  A harpy (shapeshifter) (D)
  A will-o-the-wisp (D)
  A cyclops (D)
  4 manticores (D)
  A black mamba (D)
  2 naga magi (D)
  A torpor snail (D)
  3 cane toads (D)
  A komodo dragon (D)
  A tengu conjurer (D)
  2 merfolk (D)
  A troll (D)
  2 blink frogs (D)
  A wind drake (D)
  A wyvern (D)
  A vampire mosquito (D)
  A steam dragon (D)
  2 wargs (D)
  3 hell hounds (D)
  2 water moccasins (D)
  9 orc warriors (D)
  An ogre (D)
  4 centaurs (D)
  5 wolves (D)
  2 bullfrogs (D)
  A scorpion (D)
  4 orc priests (D)
  3 orc wizards (D)
  An adder zombie (D)
  A dart slug (D)
  An adder simulacrum (D)
  7 orcs (D)
  An endoplasm (D)
  A goblin (D)
  2 hobgoblins (D)
  A quokka (D)
121 creatures vanquished.

Notes
Turn   | Place    | Note
-------+----------+-------------------------------------------
     0 | D        | mhtbhm the Deep Elf Earth Elementalist began the quest for
                  | the Orb.
     0 | D        | Reached XP level 1. HP: 10/10 MP: 6/6
    47 | D        | Reached XP level 2. HP: 15/15 MP: 5/8
    79 | D        | Noticed a scorpion
    79 | D        | Noticed an ogre
    83 | D        | Reached skill level 5 in Earth Magic
    85 | D        | Killed a scorpion
    86 | D        | Reached skill level 5 in Spellcasting
    86 | D        | Reached XP level 3. HP: 15/19 MP: 2/12
    86 | D        | Reached XP level 4. HP: 20/24 MP: 2/13
    91 | D        | Killed an ogre
    92 | D        | Reached skill level 7 in Spellcasting
    92 | D        | Reached XP level 5. HP: 23/28 MP: 0/17
   205 | D        | Learned a level 2 spell: Passwall
   209 | D        | Learned a level 3 spell: Stone Arrow
   215 | D        | Learned a level 5 spell: Lee's Rapid Deconstruction
   220 | D        | Learned a level 4 spell: Petrify
   236 | D        | Found a snail-covered altar of Cheibriados.
   236 | D        | Found a shadowy altar of Dithmenos.
   236 | D        | Found a white marble altar of Elyvilon.
   236 | D        | Found a blossoming altar of Fedhas.
   236 | D        | Found an opulent altar of Gozag.
   237 | D        | Found a hazy altar of Hepliaklqana.
   238 | D        | Found a viscous altar of Jiyva.
   239 | D        | Found an ancient bone altar of Kikubaaqudgha.
   240 | D        | Found a corrupted altar of Lugonu.
   241 | D        | Found a burning altar of Makhleb.
   242 | D        | Found a sparkling altar of Nemelex Xobeh.
   243 | D        | Found an iron altar of Okawaru.
   244 | D        | Found a stormy altar of Qazlal.
   245 | D        | Found a sacrificial altar of Ru.
   246 | D        | Found a shimmering blue altar of Sif Muna.
   247 | D        | Found a bloodstained altar of Trog.
   248 | D        | Found a hide-covered altar of Uskayaw.
   249 | D        | Found a radiant altar of Vehumet.
   250 | D        | Found an ornate altar of the Wu Jian Council.
   251 | D        | Found a shimmering altar of Xom.
   252 | D        | Found a basalt altar of Yredelemnul.
   253 | D        | Found a glowing silver altar of Zin.
   254 | D        | Found a glowing golden altar of the Shining One.
   259 | D        | Became a worshipper of Vehumet
   288 | D        | Got the +2 halberd of the Leaping Scavenger {pain, Int+3
                  | Dex+3}
   316 | D        | Noticed a vampire mosquito
   316 | D        | Noticed a steam dragon
   316 | D        | Noticed a centaur
   316 | D        | Noticed a troll
   316 | D        | Noticed a centaur
   320 | D        | Killed a centaur
   321 | D        | Reached skill level 5 in Dodging
   321 | D        | Reached skill level 9 in Spellcasting
   321 | D        | Reached skill level 10 in Earth Magic
   321 | D        | Killed a vampire mosquito
   322 | D        | Reached skill level 10 in Spellcasting
   322 | D        | Reached XP level 6. HP: 21/32 MP: 7/21
   322 | D        | Killed a troll
   322 | D        | Reached * piety under Vehumet
   322 | D        | Offered knowledge of Foxfire by Vehumet.
   322 | D        | Killed a steam dragon
   323 | D        | Reached skill level 12 in Spellcasting
   323 | D        | Reached XP level 7. HP: 10/36 MP: 2/24
   343 | D        | Reached ** piety under Vehumet
   510 | D        | Noticed a tengu conjurer
   510 | D        | Noticed a manticore
   510 | D        | Noticed a manticore
   510 | D        | Noticed a cyclops
   510 | D        | Noticed a four-headed hydra
   513 | D        | Killed a tengu conjurer
   513 | D        | Offered knowledge of Poisonous Vapours by Vehumet.
   513 | D        | Killed a manticore
   514 | D        | Reached skill level 14 in Spellcasting
   514 | D        | Reached XP level 8. HP: 26/41 MP: 22/28
   515 | D        | Reached skill level 1 in Evocations
   518 | D        | Killed a manticore
   518 | D        | Reached *** piety under Vehumet
   519 | D        | Reached skill level 15 in Spellcasting
   519 | D        | Reached skill level 15 in Earth Magic
   519 | D        | Killed a cyclops
   520 | D        | Reached XP level 9. HP: 38/45 MP: 19/30
   521 | D        | Killed a four-headed hydra
   522 | D        | Reached skill level 16 in Spellcasting
   748 | D        | Noticed a cane toad
   748 | D        | Noticed a five-headed hydra
   748 | D        | Noticed a komodo dragon
   753 | D        | Offered knowledge of Mephitic Cloud by Vehumet.
   755 | D        | Reached **** piety under Vehumet
   756 | D        | Killed a five-headed hydra
   756 | D        | Killed a cane toad
   756 | D        | Noticed a five-headed hydra
   757 | D        | Reached skill level 17 in Spellcasting
   757 | D        | Reached XP level 10. HP: 49/50 MP: 27/33
   760 | D        | Reached ***** piety under Vehumet
   761 | D        | Reached skill level 18 in Spellcasting
   777 | D        | Killed a five-headed hydra
   924 | D        | Noticed a cane toad
   924 | D        | Noticed a death yak
   924 | D        | Noticed a torpor snail
   924 | D        | Noticed a four-headed hydra
   926 | D        | Offered knowledge of Iskenderun's Mystic Blast by Vehumet.
   927 | D        | Reached skill level 19 in Spellcasting
   929 | D        | Killed a cane toad
   931 | D        | Killed a torpor snail
   931 | D        | Noticed a cane toad
   932 | D        | Killed a death yak
   933 | D        | Reached skill level 20 in Spellcasting
   933 | D        | Killed a four-headed hydra
   933 | D        | Reached ****** piety under Vehumet
  1193 | D        | Killed a cane toad
  1193 | D        | Offered knowledge of Bolt of Magma by Vehumet.
  1194 | D        | Reached XP level 11. HP: 54/54 MP: 23/37
  1201 | D        | Learned a level 5 spell: Bolt of Magma
  1249 | D        | Offered knowledge of Yara's Violent Unravelling by Vehumet.
  1292 | D        | Reached skill level 21 in Spellcasting
  1492 | D        | Noticed an orc knight
  1498 | D        | Killed an orc knight
  1498 | D        | Offered knowledge of Fulminant Prism by Vehumet.
  1912 | D        | Noticed an orc knight
  1921 | D        | Offered knowledge of Lightning Bolt by Vehumet.
  1923 | D        | Killed an orc knight
  1924 | D        | Noticed an orc knight
  1934 | D        | Killed an orc knight
  1935 | D        | Reached skill level 22 in Spellcasting
  1940 | D        | Noticed an orc high priest
  1953 | D        | Killed an orc high priest
  2266 | D        | Found Viedou's Antique Armour Emporium.
  2266 | D        | Noticed an orc high priest
  2266 | D        | Noticed an orc knight
  2266 | D        | Noticed an orc knight
  2266 | D        | Noticed an orc high priest
  2266 | D        | Noticed an orc high priest
  2269 | D        | Killed an orc knight
  2269 | D        | Offered knowledge of Iron Shot by Vehumet.
  2269 | D        | Killed an orc high priest
  2541 | D        | Killed an orc knight
  2621 | D        | Noticed a sun demon
  2622 | D        | Killed an orc high priest
  2623 | D        | Reached skill level 23 in Spellcasting
  2742 | D        | Killed an orc high priest
  2822 | D        | Noticed an orc high priest
  2826 | D        | Killed an orc high priest
  2994 | D        | Noticed an orc high priest
  3002 | D        | Killed an orc high priest
  3003 | D        | Reached XP level 12. HP: 59/59 MP: 25/41
  3010 | D        | Learned a level 6 spell: Iron Shot
  3100 | D        | Found Bire's Book Shoppe.
  3106 | D        | Found Erunk's Magic Scroll Emporium.
  3109 | D        | Found Icaizeune's Book Shoppe.
  3113 | D        | Noticed an orc high priest
  3117 | D        | Offered knowledge of Starburst by Vehumet.
  3118 | D        | Noticed an orc high priest
  3126 | D        | Killed an orc high priest
  3340 | D        | Killed an orc high priest
  3341 | D        | Reached skill level 24 in Spellcasting
  3403 | D        | Reached skill level 5 in Transmutations
  3623 | D        | Bought a pair of encrusted gloves for 209 gold pieces
  3623 | D        | Identified the +0 pair of gloves of Least Resistance {rF+
                  | Stlth+} (You bought it in a shop in the Dungeon)
  3635 | D        | Bought a scroll of acquirement for 572 gold pieces
  3635 | D        | Bought a scroll of fog for 22 gold pieces
  3635 | D        | Bought a scroll of fear for 38 gold pieces
  3635 | D        | Bought a scroll of holy word for 82 gold pieces
  3635 | D        | Bought a scroll of summoning for 104 gold pieces
  3635 | D        | Bought a scroll of enchant weapon for 82 gold pieces
  3635 | D        | Bought a scroll of enchant armour for 82 gold pieces
  3635 | D        | Bought a scroll of identify for 22 gold pieces
  3645 | D        | Bought a book of Burglary for 308 gold pieces
  3649 | D        | Learned a level 3 spell: Swiftness
  3656 | D        | Learned a level 6 spell: Invisibility
  3760 | D        | Found the +7 mace of Variability {chain chaos}
  3767 | D        | Got the +6 lajatang of the Evil Eye {pain, rElec rF+ rCorr}
  3814 | D        | Noticed a five-headed hydra
  3814 | D        | Noticed a tengu warrior
  3814 | D        | Noticed a five-headed hydra
  3814 | D        | Noticed a boulder beetle
  3851 | D        | Killed a five-headed hydra
  4059 | D        | Killed a tengu warrior
  4242 | D        | Killed a five-headed hydra
  4242 | D        | Offered knowledge of Ozocubu's Refrigeration by Vehumet.
  4243 | D        | Reached skill level 25 in Spellcasting
  4278 | D        | Killed a boulder beetle
  4483 | D        | Noticed a five-headed hydra
  4492 | D        | Killed a five-headed hydra
  4494 | D        | Noticed a boulder beetle
  4501 | D        | Noticed a fire dragon
  4663 | D        | Noticed a fire dragon
  4672 | D        | Killed a boulder beetle
  4675 | D        | Noticed an ice dragon
  4676 | D        | Killed a fire dragon
  4824 | D        | Killed an ice dragon
  4830 | D        | Killed a fire dragon
  5190 | D        | Noticed a rakshasa
  5193 | D        | Killed a rakshasa
  5193 | D        | Offered knowledge of Spellforged Servitor by Vehumet.
  5194 | D        | Reached skill level 1 in Conjurations
  5342 | D        | Noticed a rakshasa
  5348 | D        | Killed a rakshasa
  5349 | D        | Reached skill level 26 in Spellcasting
  5516 | D        | Noticed a red very ugly thing
  5520 | D        | Noticed a brown very ugly thing
  5521 | D        | Killed a brown very ugly thing
  5522 | D        | Reached XP level 13. HP: 63/63 MP: 30/45
  5523 | D        | Killed a brown very ugly thing
  5640 | D        | Noticed Aizul
  5646 | D        | Killed Aizul
  5882 | D        | Offered knowledge of Fire Storm by Vehumet.
  5882 | D        | Offered knowledge of Chain Lightning by Vehumet.
  5882 | D        | Offered knowledge of Ignition by Vehumet.
  5963 | D        | Reached skill level 27 in Spellcasting
  6189 | D        | Noticed a nagaraja
  6194 | D        | Killed a nagaraja
  6291 | D        | Reached skill level 1 in Fire Magic
  6508 | D        | Learned a level 8 spell: Ignition
  6518 | D        | Learned a level 9 spell: Fire Storm
  6532 | D        | Mangled by a six-headed hydra

Illustrated notes

Levels and vault maps discovered:
D:        linesprint [early_d, line_temple, items_1, d_10, items_2, lair_1,
          lair_end, items_3, orc_1, orc_end, items_4, d_15, swamp_1, shoals_1,
          snake_1, spider_1, d_20, vaults_1, items_5, swamp_end, shoals_end,
          snake_end, spider_end, vaults_end, d_27, items_6, zot_1, zot_end,
          crypt_end, forest_end, elf_end, slime_end, tomb_end, abyss_end,
          pan_hell_end]

Skill      XL: |  1  2  3  4  5  6  7  8  9 10 11 12 13 |
---------------+----------------------------------------+-----
Earth Magic    | 4 7 9 11 13 14 15 17 19 21 23 25 | 25.4
Dodging        | 3 4 5 6 7 8 |  8.7
Stealth        | 3 4 |  4.2
Spellcasting   | 5 7 10 12 14 15 17 20 23 26 27 | 27.0
Transmutations | 2 4 6 7 |  7.9
Evocations     | 2 3 4 |  4.8
Conjurations   | 2 4 |  4.8
Fire Magic     | 2 |  2.6
Polearms       | |  0.8

Action                   |  1- 3 |  4- 6 |  7- 9 | 10-12 | 13-15 || total
-------------------------+-------+-------+-------+-------+-------++-------
Melee: Unarmed           |       |     1 |       |       |       ||     1
       Halberd           |       |       |       |     4 |       ||     4
 Cast: Sandblast         |    12 |     3 |     1 |    14 |       ||    30
       Lee's Rapid Decon |       |     4 |     8 |   120 |    25 ||   157
       Stone Arrow       |       |     1 |       |     4 |       ||     5
       Petrify           |       |       |       |    36 |    12 ||    48
       Iron Shot         |       |       |       |     5 |     9 ||    14
       Bolt of Magma     |       |       |       |       |     4 ||     4
Evoke: Wand              |       |       |     5 |     4 |       ||     9
  Use: Potion            |       |     1 |     2 |     2 |     1 ||     6
       Scroll            |       |       |     1 |     1 |       ||     2
Armor: Robe              |     1 |       |     1 |       |       ||     2
       Steam dragon scal |       |       |     1 |     5 |     5 ||    11
Dodge: Dodged            |     3 |     6 |     7 |    34 |    10 ||    60

Table legend: (Time is in decaauts)
 A = Elapsed time spent in this place.
 B = Non-inter-level travel time spent in this place.
 C = Inter-level travel time spent in this place.
 D = Time resting spent in this place.
 E = Time spent auto-exploring this place.
 F = Levels seen in this place.
 G = Mean time per level.
                   A        B        C        D        E       F      G
               +--------+--------+--------+--------+--------+-----+--------+
         Total |   6499 |   6499 |      0 |   4244 |   1030 |   1 | 6499.0 |
       Dungeon |   6499 |   6499 |      0 |   4244 |   1030 |   1 | 6499.0 |
               +--------+--------+--------+--------+--------+-----+--------+

Top non-repeatable levels by time:
       D: 6499 daAuts
